← All builds
Front / Cortex / Economy first / OBSERVED BUILD

Standard front

Cortex Front build order · Supreme Isthmus

The role's default economy-first play: Bot Lab right away, Advanced Metal Extractor around 9:12, transitioning into the usual Thug/Grunt/Aggravator mix to hold the wider gap and feed the middle.

#eco #defence · 177 distinct matches · 62 players · 64% of Cortex Front games · team won 44% of 179 · Recently observed

HOW TO PLAY IT

Key timing: Bot Lab by 0:40

  1. Take 3 mex, then wind before opening Bot Lab.
  2. Finish Bot Lab, start producing Thug, Grunt and Aggravator.
  3. Send early units to coast first to stop leaks, not straight to mid.
  4. Add Twin Guard and Radar Tower to hold the wider gap.
  5. Bring Advanced Metal Extractor online as army transitions to T2.

Phase by phase

TYPICAL OF ITS 177 GAMES
  1. 1
  2. 2
  3. 3
PLAY THE OPENING

Follow the example game's first 6:00 step by step: what to build now, what comes next, and where it goes. At 1× it keeps pace with your own game.

  1. 1

    Up to the Bot Lab

    Economy
    • Metal Extractor2Mex
    • Wind Turbine1Wind
    Order
    1. Bot LabBot Lab after 2 mex, 1 winddone ~0:40, middle half 0:34–0:46

    By 0:24 in all: 2 mex · 1 wind

    The example game in this phase · 3 steps
    1. Mex ×2
    2. Wind
    3. Bot LabBot Labdone 0:40 · typical 0:40
  2. 2

    Bot Lab to 5:00

    Economy
    • Metal Extractor4Mex
    • Wind Turbine4Wind
    Builders
    • Construction Bot3 Con bot
    • Graverobber2 Graverobber
    Army
    • Guard2 Guard
    • Thug6 Thug
    • Aggravator5 Aggravator
    • Grunt4 Grunt

    Some games also: con turret (42%) · Radar Tower (35%)

    By 5:00 in all: 6 mex · 5 wind

    The example game in this phase · 27 steps
    1. GruntGrunt
    2. Mex
    3. Wind
    4. GruntGrunt
    5. Wind
    6. GruntGrunt
    7. Construction BotCon bot ×3
    8. Mex
    9. ThugThug ×4
    10. Mex
    11. ThugThug
    12. Mex
    13. GuardGuard
    14. ThugThug
    15. Mex
    16. ThugThug ×8
    17. GuardGuard
    18. ThugThug
    19. GuardGuard
    20. ThugThug
    21. Radar TowerRadar Tower
    22. ThugThug
    23. GuardGuard
    24. ThugThug
    25. Construction BotCon bot ×2
    26. Mex
    27. ThugThug ×4
  3. 3

    5:00 to 10:00

    Economy
    • Metal Extractor1Mex
    • Wind Turbine17Wind
    Builders
    • Construction Turret2 Con turret
    • Graverobber2 Graverobber
    • Construction Bot1 Con bot
    Army
    • Guard1 Guard
    • Grunt7 Grunt
    • Thug2 Thug

    Some games also: aggravator (46%) · energy storage (42%) · Twin Guard (36%) · converter (35%) · Radar Tower (35%)

    By 10:00 in all: 7 mex · 24 wind · 1 energy storage · 3 con turret

    The example game in this phase · 165 steps
    1. ThugThug
    2. Energy storage
    3. ThugThug
    4. Wind
    5. Con turret
    6. Wind ×2
    7. Con turret
    8. Wind
    9. Con turret
    10. ThugThug
    11. Advanced Metal ExtractorT2 mexdone 6:56 · typical 9:10
    12. Wind ×5
    13. ThugThug
    14. Wind ×2
    15. Con turret
    16. Wind ×2
    17. Advanced Metal ExtractorT2 mex
    18. Wind ×2
    19. ThugThug
    20. Wind
    21. Twin GuardTwin Guard
    22. Wind ×4
    23. Twin GuardTwin Guard
    24. Wind ×3
    25. Twin GuardTwin Guard
    26. Wind ×2
    27. ThugThug
    28. Wind ×2
    29. Advanced Metal ExtractorT2 mex
    30. ThugThug
    31. Wind
    32. ThugThug
    33. Wind ×2
    34. ThugThug
    35. Wind ×2
    36. Con turret
    37. ThugThug
    38. Wind ×2
    39. ThugThug
    40. Wind ×2
    41. Solar ×2
    42. Wind ×2
    43. ThugThug
    44. Bot LabBot Labdone 9:04
    45. Wind
    46. Solar
    47. Wind ×3
    48. Solar
    49. ThugThug
    50. Radar TowerRadar Tower
    51. Wind
    52. ThugThug ×2
    53. Wind
    54. WardenWarden
    55. Wind ×2
    56. Advanced Metal ExtractorT2 mex
    57. ThugThug
    58. Wind ×3
    59. ThugThug
    60. Wind
    61. ThugThug
    62. Wind
    63. Bot LabBot Labdone 10:22
    64. Wind ×2
    65. Bot LabBot Labdone 10:34
    66. Advanced Metal ExtractorT2 mex
    67. Wind
    68. ThugThug
    69. Wind
    70. CastroCastro
    71. Wind
    72. ThugThug ×2
    73. Wind
    74. ThugThug ×4
    75. Wind
    76. ThugThug ×3
    77. Wind
    78. ThugThug ×2
    79. Wind
    80. ThugThug ×2
    81. Wind
    82. ThugThug ×5
    83. RattlesnakeRattlesnakedone 12:29
    84. ThugThug ×3
    85. Converter
    86. ThugThug
    87. Converter
    88. ThugThug
    89. Converter ×2
    90. ThugThug
    91. Converter
    92. ThugThug
    93. Converter ×2
    94. ThugThug
    95. Converter
    96. ThugThug
    97. Converter ×2
    98. ThugThug
    99. Con turret
    100. Converter
    101. ThugThug
    102. Converter
    103. ThugThug
    104. Converter
    105. Advanced Metal ExtractorT2 mex
    106. Converter
    107. ThugThug
    108. Con turret
    109. ThugThug
    110. Converter
    111. ThugThug
    112. GuardGuard
    113. ThugThug
    114. Converter ×2
    115. Con turret
    116. GruntGrunt
    117. ThugThug
    118. Converter
    119. Twin GuardTwin Guard
    120. ThugThug
    121. GruntGrunt
    122. Converter
    123. ThugThug
    124. GruntGrunt
    125. Converter
    126. GruntGrunt
    127. ThugThug
    128. GruntGrunt
    129. Converter
    130. GruntGrunt
    131. ThugThug
    132. GruntGrunt
    133. Converter
    134. Twin GuardTwin Guard
    135. GruntGrunt
    136. Converter
    137. GruntGrunt
    138. ThugThug
    139. GraverobberGraverobber
    140. Converter
    141. ThugThug
    142. Con turret
    143. Twin GuardTwin Guard
    144. Con turret
    145. GraverobberGraverobber
    146. Con turret
    147. EradicatorEradicator
    148. ThugThug
    149. GruntGrunt
    150. Converter
    151. Con turret
    152. GruntGrunt
    153. ThugThug
    154. Con turret
    155. GruntGrunt
    156. Converter
    157. Con turret
    158. ThugThug
    159. Converter
    160. GruntGrunt
    161. ThugThug
    162. Converter
    163. GruntGrunt
    164. ThugThug
    165. Con turret

Counts are medians over the build's games: half of them build more, half fewer. The example game is Slump's (40 OS, 09/09/2026); pick another.

Team trades

IN AT LEAST 30% OF ITS GAMES

You hand over

Nothing regular.

You get

  • Tidal Generator4 Tidal from Pondfirst at 0:17 · in 68% of games
  • Advanced Construction Bot1 T2 con bot from Geo or Techfirst at 7:26 · in 66% of games

How it plays out

Typical game of this build, running totals by minute

Metal produced

010k20k30k
0:005:0010:0015:00

metal

Enemy metal destroyed

02.5k5k7.5k
0:005:0010:0015:00

metal

Own metal lost

05k10k
0:005:0010:0015:00

metal

179 games.

Show as table
ByMetal produced: This buildEnemy metal destroyed: This buildOwn metal lost: This build
1:0033100
2:0085800
3:0016248686
4:002692359336
5:003828938883
6:00505116831622
7:00633024302606
8:00769932503477
9:00914838644317
10:001091543525092
11:001287049345948
12:001507052866934
13:001774557647566
14:002019663178516
15:002293570989484
WHAT THE NUMBERS SAY

This build has the worst win rate of the roles shown and trails Suicide front on kills while losing nearly as much metal.

  • + Produces more metal than Suicide front by 15:00 (22286 vs 18297).
  • + T2 constructor lands slightly faster (7:41) than Suicide front's 8:07.
  • − Loses 9797 own metal by 15:00, close to what it destroys (6775).
  • − Wins only 40% of games, well below every other role shown.
THE EXAMPLE YOU ARE READING

Slump

39.9 OS · 09/09/2026

Open source match ↗

5 received units · includes a constructor
568 metal received · 85165 energy received

Allied construction assistance is unknown. Timings are observations, not a promise of solo reproducibility.

Typical milestones

Bot Lab0:40Middle 50%: 0:34–0:46 · n=164
Advanced Metal Extractor9:10Middle 50%: 8:09–10:29 · n=140

Played most by

Hummell19games of this buildwatermeloans19games of this buildiLike2Eco12games of this buildCentientWaffle9games of this buildGeeGee9games of this build